BR
ROY EAGLE SQUADRON @ WESLACO CHIEFS
08/23/2026
 
TOP OF THE 1ST
Roy Eagle Squadron batting - Pitching for Weslaco Chiefs : LHP Sam Olson
Pitching: LHP Sam Olson
Batting: LHB Kelsey Scott 0-0: Called Strike
0-1: Called Strike
0-2: Strikes out swinging
Batting: RHB José Vidal 0-0: Called Strike
0-1: Ball
1-1: Foul Ball, location: 2F
1-2: Ground out 5-3 (Groundball, 56)
Batting: RHB Tony Hernández 0-0: Called Strike
0-1: Foul Ball, location: 2F
0-2: Ball
1-2: Fly out, F8 (Flyball, 8RM)
Top of the 1st over - 0 run(s), 0 hit(s), 0 error(s), 0 left on base; Roy 0 - Weslaco 0
BOTTOM OF THE 1ST
Weslaco Chiefs batting - Pitching for Roy Eagle Squadron : RHP John Ashe
Pitching: RHP John Ashe
Batting: LHB Alberto Varela 0-0: Ground out 4-3 (Groundball, 34)
Batting: RHB António Martínez 0-0: Ground out 5-3 (Groundball, 56S)
Batting: LHB Jeff Forsyth 0-0: Foul Ball, location: 2F
0-1: Swinging Strike
0-2: Ball
1-2: Foul Ball, location: 2F
1-2: Ball
2-2: SINGLE (Line Drive, 78M)
Batting: RHB Germán Romero 0-0: SINGLE (Groundball, 56D)
Jeff Forsyth to second
Batting: LHB Ralph Cobb 0-0: Ball
1-0: Foul Ball, location: 2F
1-1: Ball
2-1: Ball
3-1: Foul Ball, location: 2F
3-2: Base on Balls
Jeff Forsyth to third
Germán Romero to second
Batting: RHB Rob Byrd 0-0: Fly out, F8 (Flyball, 89M)
Bottom of the 1st over - 0 run(s), 2 hit(s), 0 error(s), 3 left on base; Roy 0 - Weslaco 0
TOP OF THE 2ND
Roy Eagle Squadron batting - Pitching for Weslaco Chiefs : LHP Sam Olson
Batting: SHB Fernando Borges 0-0: Ground out 5-3 (Groundball, 5S)
Batting: RHB Ken Miller 0-0: Ball
1-0: Called Strike
1-1: Ball
2-1: Ball
3-1: Base on Balls
Batting: RHB Ben Ware 0-0: Ball
1-0: Called Strike
Ken Miller is caught stealing 2nd base
1-1: Foul Ball, location: 2F
1-2: Strikes out swinging
Top of the 2nd over - 0 run(s), 0 hit(s), 0 error(s), 0 left on base; Roy 0 - Weslaco 0
BOTTOM OF THE 2ND
Weslaco Chiefs batting - Pitching for Roy Eagle Squadron : RHP John Ashe
Batting: RHB Jeremiah Ward 0-0: Ball
1-0: Swinging Strike
1-1: Swinging Strike
1-2: Ball
2-2: Foul Ball, location: 2F
2-2: Strikes out swinging
Batting: LHB Ángelo Lara 0-0: Ball
1-0: Ball
2-0: Ball
3-0: Base on Balls
Batting: RHB Ron Newcombe 0-0: Ball
1-0: SINGLE (Flyball, 89S)
Ángelo Lara to second
Batting: LHB Alberto Varela 0-0: Called Strike
Ángelo Lara steals 3rd base
Ron Newcombe to second
0-1: Called Strike
0-2: Foul Ball, location: 2F
0-2: Ball
1-2: SINGLE (Groundball, 5D)
Ángelo Lara scores
Ron Newcombe to third
Runner from 3rd tries for Home, SAFE, no throw or cutoff
Batting: RHB António Martínez 0-0: Ball
1-0: Ball
2-0: Ball
Alberto Varela steals 2nd base
3-0: Called Strike
3-1: Fly out, F8 (Flyball, 89D)
Runner from 2nd tags up, SAFE at 3rd, no throw
Batting: LHB Jeff Forsyth 0-0: Called Strike
0-1: Ball
1-1: Ball
2-1: Foul Ball, location: 2F
2-2: Strikes out swinging
Bottom of the 2nd over - 2 run(s), 2 hit(s), 0 error(s), 1 left on base; Roy 0 - Weslaco 2
TOP OF THE 3RD
Roy Eagle Squadron batting - Pitching for Weslaco Chiefs : LHP Sam Olson
Batting: RHB Chad Battle 0-0: Called Strike
0-1: Ball
1-1: Fly out, F9 (Flyball, 89M)
Batting: SHB Alex Stewart 0-0: Called Strike
0-1: Foul Ball, location: 2F
0-2: Ground out 4-3 (Groundball, 4)
Batting: RHB Albert Valancía 0-0: SINGLE (Groundball, 4M)
Batting: LHB Kelsey Scott 0-0: Ball
1-0: 2-RUN HOME RUN (Line Drive, 9D), Distance : 385 ft
Batting: RHB José Vidal 0-0: Fly out, F7 (Line Drive, 7S)
Top of the 3rd over - 2 run(s), 2 hit(s), 0 error(s), 0 left on base; Roy 2 - Weslaco 2
BOTTOM OF THE 3RD
Weslaco Chiefs batting - Pitching for Roy Eagle Squadron : RHP John Ashe
Batting: RHB Germán Romero 0-0: Ball
1-0: Swinging Strike
1-1: Ball
2-1: Ball
3-1: Base on Balls
Batting: LHB Ralph Cobb 0-0: Ball
1-0: Ball
2-0: SINGLE (Flyball, 8LS)
Germán Romero to second
Batting: RHB Rob Byrd 0-0: Foul Ball, location: 2F
0-1: Ball
1-1: Ball
2-1: Fly out, F9 (Flyball, 9S)
Batting: RHB Jeremiah Ward 0-0: Ball
1-0: Fly out, F7 (Flyball, 78M)
Batting: LHB Ángelo Lara 0-0: Called Strike
0-1: Fielders Choice at 2nd, U4 (Groundball, 4M)
Bottom of the 3rd over - 0 run(s), 1 hit(s), 0 error(s), 2 left on base; Roy 2 - Weslaco 2
TOP OF THE 4TH
Roy Eagle Squadron batting - Pitching for Weslaco Chiefs : LHP Sam Olson
Batting: RHB Tony Hernández 0-0: Ball
1-0: Fly out, F7 (Flyball, 7M)
Batting: SHB Fernando Borges 0-0: Swinging Strike
0-1: Ball
1-1: Foul Ball, location: 2F
1-2: Strikes out swinging
Batting: RHB Ken Miller 0-0: Ball
1-0: Ground out 6-3 (Groundball, 6)
Top of the 4th over - 0 run(s), 0 hit(s), 0 error(s), 0 left on base; Roy 2 - Weslaco 2
BOTTOM OF THE 4TH
Weslaco Chiefs batting - Pitching for Roy Eagle Squadron : RHP John Ashe
Batting: RHB Ron Newcombe 0-0: Ball
1-0: Ball
2-0: Foul Ball, location: 2F
2-1: Foul Ball, location: 2F
2-2: Ball
3-2: Base on Balls
Batting: LHB Alberto Varela 0-0: Ball
1-0: Swinging Strike
1-1: Ground out 5-3 (Groundball, 5S)
Ron Newcombe to second
Batting: RHB António Martínez 0-0: Ball
1-0: Ball
2-0: Foul Ball, location: 2F
2-1: Foul Ball, location: 2F
2-2: Ball
3-2: Foul Ball, location: 2F
3-2: Foul Ball, location: 2F
3-2: Strikes out swinging
Batting: LHB Jeff Forsyth 0-0: Ball
1-0: Ground out 5-3 (Groundball, 5)
Bottom of the 4th over - 0 run(s), 0 hit(s), 0 error(s), 1 left on base; Roy 2 - Weslaco 2
TOP OF THE 5TH
Roy Eagle Squadron batting - Pitching for Weslaco Chiefs : LHP Sam Olson
Batting: RHB Ben Ware 0-0: Foul Ball, location: 2F
0-1: Bunt for hit - play at first, batter OUT! 1-3
Batting: RHB Chad Battle 0-0: Ball
1-0: Foul Ball, location: 2F
1-1: Foul Ball, location: 2F
1-2: Strikes out looking
Batting: SHB Alex Stewart 0-0: Fly out, F8 (Flyball, 78M)
Top of the 5th over - 0 run(s), 0 hit(s), 0 error(s), 0 left on base; Roy 2 - Weslaco 2
BOTTOM OF THE 5TH
Weslaco Chiefs batting - Pitching for Roy Eagle Squadron : RHP John Ashe
Batting: RHB Germán Romero 0-0: Ball
1-0: Called Strike
1-1: Ball
2-1: SINGLE (Line Drive, 78M)
Pitching: RHP Elijah Justice
Batting: LHB Ralph Cobb 0-0: Called Strike
0-1: Fly out, F9 (Flyball, 9LM)
Batting: RHB Rob Byrd 0-0: Grounds into double play, 4-6-3 (Groundball, 4)
Bottom of the 5th over - 0 run(s), 1 hit(s), 0 error(s), 0 left on base; Roy 2 - Weslaco 2
TOP OF THE 6TH
Roy Eagle Squadron batting - Pitching for Weslaco Chiefs : LHP Sam Olson
Batting: RHB Albert Valancía 0-0: Ball
1-0: Swinging Strike
1-1: Swinging Strike
1-2: Ball
2-2: Ball
3-2: Foul Ball, location: 2F
3-2: Foul Ball, location: 2F
3-2: Base on Balls
Batting: LHB Kelsey Scott 0-0: Ball
1-0: Called Strike
1-1: Ball
2-1: Swinging Strike
Balk!
Albert Valancía to second
2-2: Strikes out swinging
Batting: RHB José Vidal 0-0: Ball
1-0: Called Strike
1-1: Ball
2-1: Fly out, F8 (Line Drive, 8LM)
Batting: RHB Tony Hernández 0-0: Called Strike
0-1: Ball
1-1: Foul Ball, location: 2F
1-2: Foul Ball, location: 2F
1-2: 2-RUN HOME RUN (Flyball, 7LD), Distance : 366 ft
Batting: SHB Fernando Borges 0-0: Swinging Strike
0-1: SINGLE (Line Drive, 78M)
Batting: RHB Ken Miller 0-0: Ball
1-0: Fly out, F9 (Flyball, 9M)
Top of the 6th over - 2 run(s), 2 hit(s), 0 error(s), 1 left on base; Roy 4 - Weslaco 2
BOTTOM OF THE 6TH
Weslaco Chiefs batting - Pitching for Roy Eagle Squadron : RHP Elijah Justice
Batting: RHB Jeremiah Ward 0-0: Ball
1-0: Foul Ball, location: 2F
1-1: Bunt for hit - play at first, batter OUT! 1-3
Batting: LHB Ángelo Lara 0-0: Ground out 4-3 (Groundball, 34)
Batting: RHB Ron Newcombe 0-0: Swinging Strike
0-1: DOUBLE (Flyball, 9LD)
Batting: LHB Alberto Varela 0-0: Ground out 1-3 (Groundball, 13S)
Bottom of the 6th over - 0 run(s), 1 hit(s), 0 error(s), 1 left on base; Roy 4 - Weslaco 2
TOP OF THE 7TH
Roy Eagle Squadron batting - Pitching for Weslaco Chiefs : LHP Sam Olson
Batting: RHB Ben Ware 0-0: Ball
1-0: Called Strike
1-1: Ball
2-1: Ball
3-1: SINGLE (Line Drive, 6D)
Batting: RHB Chad Battle 0-0: Bunted foul
0-1: Ball
1-1: Sac Bunt - play at first, batter OUT! 1-4
Ben Ware to second
Batting: SHB Alex Stewart 0-0: Intentional Walk
Pitching: RHP Marc Brooks
Pinch Hitting: SHB Júlio Romano 0-0: Ball
1-0: Fly out, F8 (Flyball, 8LM)
Pitching: LHP William Bazley
Pinch Hitting: RHB Felipe Jareńo 0-0: Ball
1-0: Fly out, F9 (Flyball, 89D)
Top of the 7th over - 0 run(s), 1 hit(s), 0 error(s), 2 left on base; Roy 4 - Weslaco 2
BOTTOM OF THE 7TH
Weslaco Chiefs batting - Pitching for Roy Eagle Squadron : RHP Elijah Justice
Pitching: RHP Mark Owens
Now at 1B: Carlos Valentín
Now at 2B: Júlio Romano
Batting: RHB António Martínez 0-0: Called Strike
0-1: SINGLE (Groundball, 56)
Batting: LHB Jeff Forsyth 0-0: Called Strike
0-1: Ball
1-1: Fly out, F7 (Line Drive, 78XD)
Batting: RHB Germán Romero 0-0: Called Strike
0-1: Called Strike
0-2: Foul Ball, location: 2F
0-2: Ball
1-2: Fly out, F9 (Flyball, 89M)
Batting: LHB Ralph Cobb 0-0: Foul Ball, location: 2F
0-1: Ball
1-1: Fly out, F7 (Flyball, 7LS)
Bottom of the 7th over - 0 run(s), 1 hit(s), 0 error(s), 1 left on base; Roy 4 - Weslaco 2
TOP OF THE 8TH
Roy Eagle Squadron batting - Pitching for Weslaco Chiefs : LHP William Bazley
Pitching: RHP Matt Sullivan
Batting: RHB José Vidal 0-0: Ball
1-0: Fly out, F9 (Flyball, 89M)
Batting: RHB Tony Hernández 0-0: Called Strike
0-1: Ball
1-1: Foul Ball, location: 2F
1-2: Ball
2-2: Ball
3-2: Foul Ball, location: 2F
3-2: Foul Ball, location: 2F
3-2: Fly out, F7 (Flyball, 78S)
Batting: SHB Fernando Borges 0-0: Ball
1-0: Foul Ball, location: 2F
1-1: Foul Ball, location: 2F
1-2: Foul Ball, location: 2F
1-2: Strikes out swinging
Top of the 8th over - 0 run(s), 0 hit(s), 0 error(s), 0 left on base; Roy 4 - Weslaco 2
BOTTOM OF THE 8TH
Weslaco Chiefs batting - Pitching for Roy Eagle Squadron : RHP Mark Owens
Batting: RHB Rob Byrd 0-0: Ball
1-0: Ball
2-0: Called Strike
2-1: SINGLE (Line Drive, 9S)
Pitching: RHP Tony Gaiván
Batting: RHB Jeremiah Ward 0-0: Swinging Strike
0-1: Ball
1-1: Ball
2-1: Ball
3-1: Swinging Strike
3-2: Strikes out swinging
Rob Byrd steals 2nd base
Batter strikes out.
Batting: LHB Ángelo Lara 0-0: Ball
1-0: Ball
2-0: Foul Ball, location: 2F
2-1: Ball
3-1: Base on Balls
Pinch Hitting: LHB Javier Mejía 0-0: Called Strike
0-1: Foul Ball, location: 2F
0-2: Ball
1-2: Foul Ball, location: 2F
1-2: Ground out 5-3 (Groundball, 56S)
Rob Byrd to third
Ángelo Lara to second
Batting: LHB Alberto Varela 0-0: Called Strike
0-1: Ball
1-1: Ball
2-1: Foul Ball, location: 2F
2-2: Ball
3-2: Base on Balls
Batting: RHB António Martínez 0-0: Fielders Choice at 2nd, 6-4 (Groundball, 6)
Bottom of the 8th over - 0 run(s), 1 hit(s), 0 error(s), 2 left on base; Roy 4 - Weslaco 2
TOP OF THE 9TH
Roy Eagle Squadron batting - Pitching for Weslaco Chiefs : RHP Matt Sullivan
Now at 2B: Bartolo Chono
Batting: RHB Ken Miller 0-0: Ball
1-0: Called Strike
1-1: Ball
2-1: SINGLE (Groundball, 56D)
Batting: RHB Ben Ware 0-0: Called Strike
0-1: Swinging Strike
0-2: Ball
1-2: Foul Ball, location: 2F
1-2: Strikes out swinging
Batting: RHB Chad Battle 0-0: Ball
1-0: Ball
2-0: Foul Ball, location: 2F
2-1: Foul Ball, location: 2F
2-2: Fly out, F9 (Flyball, 89M)
Batting: SHB Alex Stewart 0-0: Ball
Ken Miller is caught stealing 2nd base
Top of the 9th over - 0 run(s), 1 hit(s), 0 error(s), 0 left on base; Roy 4 - Weslaco 2
BOTTOM OF THE 9TH
Weslaco Chiefs batting - Pitching for Roy Eagle Squadron : RHP Tony Gaiván
Pitching: LHP Nick Thornton
Batting: LHB Jeff Forsyth 0-0: Fly out, F9 (Flyball, 9M)
Batting: RHB Germán Romero 0-0: Called Strike
0-1: Foul Ball, location: 2F
0-2: Ball
1-2: Strikes out swinging
Batting: LHB Ralph Cobb 0-0: Ball
1-0: Ball
2-0: Swinging Strike
2-1: Ball
3-1: Called Strike
3-2: Fly out, F8 (Flyball, 8LM)
Bottom of the 9th over - 0 run(s), 0 hit(s), 0 error(s), 0 left on base; Roy 4 - Weslaco 2
Monday, December 5th, 2016 - OOTP Baseball 17.12 Build 75